 Dungeon Crawl Stone Soup version 0.30-b1-2-g02819fbbbe (webtiles) character file.

Game seed: 11553372983428677800

6428 Borgoz the Basher (level 10, -10/64 HPs)
             Began as a Gargoyle Fighter on June 25, 2023.
             Killed from afar by an acid dragon (13 damage)
             ... with a splash of acid
             ... on level 10 of the Dungeon.
             The game lasted 00:19:23 (8338 turns).

Borgoz the Basher (Gargoyle Fighter)                Turns: 8338, Time: 00:19:24

Health: -10/64     AC: 11    Str: 21    XL:     10   Next: 99%
Magic:  16/16      EV: 11    Int:  8    God:
Gold:   500        SH:  7    Dex: 19    Spells: 15/18 levels left

rFire   . . .        a - +1 flail
rCold   . . .        c - +0 buckler
rNeg    + . .        d - +3 troll leather armour {Pargi}
rPois   ∞            (no helmet)
rElec   +            s - +0 cloak
rCorr   .            j - +0 pair of gloves
SInv    .            E - +0 pair of boots {Fly}
Will    .....        (no amulet)
Stlth   ++           h - +6 ring of dexterity
HPRegen 1.10/turn    A - +4 ring of protection
MPRegen 0.15/turn

%: no passive effects
@: corroded, flying
A: sickness immunity, AC +7, negative energy resistance 1, electricity
resistance, torment resistance 1, petrification resistance
a: no special abilities


You were on level 10 of the Dungeon.
You visited 2 branches of the dungeon, and saw 11 of its levels.
You also visited: Sewer and Bailey.

You collected 500 gold pieces.

Inventory:

Hand Weapons
 a - a +1 flail (weapon)
Missiles
 v - 2 curare-tipped darts (quivered)
 F - 12 poisoned darts
Armour
 c - a +0 buckler (worn)
 d - a +3 troll leather armour (worn) {Pargi}
 j - a +0 pair of gloves (worn)
 s - a +0 cloak (worn)
 B - a +4 chain mail of fire resistance
 C - a +0 ring mail of cold resistance
 E - a +0 pair of boots of flying (worn)
Jewellery
 h - a +6 ring of dexterity (left hand)
 i - a ring of see invisible
 r - a ring of magical power
 A - a +4 ring of protection (right hand)
Wands
 k - a wand of roots (22)
 q - a wand of flame (7)
 t - a wand of acid (5)
 y - a wand of charming (8)
Scrolls
 b - 4 scrolls of teleportation
 n - 2 scrolls of blinking
 D - a scroll of fog
 G - a scroll of fear
Potions
 e - 3 potions of mutation
 f - a potion of attraction {unknown}
 l - a potion of heal wounds
 m - 2 potions of resistance
 o - a potion of brilliance
 p - 2 potions of curing
 u - a potion of lignification {unknown}
 w - 4 potions of flight
 x - a potion of cancellation
 z - 2 potions of might


   Skills:
 + Level 7.8 Fighting
 + Level 9.3 Maces & Flails
 + Level 0.6 Throwing
 + Level 7.8 Armour
 + Level 0.5 Dodging
 + Level 1.0 Stealth
 + Level 7.8 Shields
 + Level 4.5 Spellcasting
 + Level 4.4 Hexes
 + Level 0.6 Evocations


You had 15 spell levels left.
You knew the following spells:

 Your Spells              Type           Power      Damage    Failure   Level
a - Confusing Touch       Hex            8%         N/A       19%         3

Your spell library contained the following spells:

 Spells                   Type           Power      Damage    Failure   Level
 Slow                     Hex            32%        N/A       6%          1
 Tukima's Dance           Hex            8%         N/A       19%         3
 Apportation              Tloc           2%         N/A       36%         1
 Necrotise                Necr           4%         1d4       36%         1
 Summon Small Mammal      Summ           4%         N/A       36%         1
 Portal Projectile        Hex/Tloc       10%        N/A       41%         3
 Momentum Strike          Conj/Tloc      2%         3d8       50%         2
 Searing Ray              Conj           2%         2d4       50%         2
 Gell's Gravitas          Tloc           1%         N/A       75%         3
 Teleport Other           Tloc           1%         N/A       75%         3
 Vampiric Draining        Necr           1%         2d6       75%         3
 Leda's Liquefaction      Hex/Erth       2%         N/A       83%         4
 Blade Hands              Tmut           0%         N/A       100%        5
 Lee's Rapid Deconstruct  Erth           0%         3d4*      100%        5
 Conjure Ball Lightning   Conj/Air       0%         3x3d6     100%        6
 Dispersal                Tloc           0%         N/A       100%        6
 Chain Lightning          Conj/Air       0%         2d1       100%        9
 Fire Storm               Conj/Fire      0%         6d1       100%        9
 Shatter                  Erth           0%         3d5*      100%        9
 Statue Form              Tmut/Erth      Unusable   N/A       N/A         6

Dungeon Overview and Level Annotations

Branches:
Dungeon (10/15)            Temple (1/1) D:6            Lair (0/5) D:8
  Sewer (visited)          Bailey (visited)
    Orc: D:9-12

Altars:
Ashenzari
Cheibriados
Dithmenos
Elyvilon
Fedhas
Gozag
Kikubaaqudgha
Makhleb
Okawaru
Qazlal
Ru
Sif Muna
Trog
Uskayaw
Vehumet
Wu Jian
Xom
Yredelemnul
Zin
The Shining One

Shops:
D:5 *   D:6 [!*!

Annotations:
D:9 2 transporters


Innate Abilities, Weirdness & Mutations

You are immune to sickness and miasma.
Your stone body is resilient. (AC +7)
You are immune to poison.
You resist negative energy. (rN+)
You are resistant to electric shocks. (rElec)
You are resistant to unholy torment.
You are immune to petrification.


Message History

You block the acid dragon's attack.
You hit the acid dragon but do no damage.
The acid dragon is almost dead.
The acid dragon bites you but does no damage.
The acid dragon claws you.
You closely miss the acid dragon.
The acid dragon is almost dead.
The acid dragon closely misses you. The acid dragon barely misses you.
You closely miss the acid dragon.
The acid dragon is severely wounded.
The acid dragon spits acid at you. The splash of acid hits you!
The acid corrodes you!
You hit the acid dragon.
The acid dragon is severely wounded.
The acid dragon spits acid at you. The splash of acid hits you!!
* * * LOW HITPOINT WARNING * * *
The acid corrodes you!
You hit the acid dragon.
The acid dragon is almost dead.
The acid dragon bites you.
* * * LOW HITPOINT WARNING * * *
You block the acid dragon's attack.
You hit the acid dragon but do no damage.
The acid dragon is almost dead.
You block the acid dragon's attack.
The acid dragon claws you but does no damage.
You hit the acid dragon but do no damage.
The acid dragon is almost dead.
The acid dragon bites you!
* * * LOW HITPOINT WARNING * * *
The acid dragon claws you but does no damage.
Okay, then.
Aiming: Corrosive Bolt
Press: ? - help, Shift-Dir - straight line, f - acid dragon
Aim: an acid dragon (almost dead, 71% to hit)
The bolt of acid misses the acid dragon.
The acid dragon spits acid at you. The splash of acid hits you!
You die...

################
#.......@D......
#.#############.
#.# ##.####
#######.....####
................
########..#......
................#
###.........#....


You could see an acid dragon (catching breath).

Vanquished Creatures
  Erica (D:9)
  A manticore (D:7)
  A troll (D:8)
  2 wyverns (D:8)
  A wraith (D:9)
  Eustachio (D:4)
  4 yaks (D:9)
  An acid dragon (D:8)
  A water moccasin (D:7)
  Duvessa (D:5)
  Pargi (Sewer)
  A sky beast (D:7)
  9 orc warriors
  3 black bears
  2 centaurs
  A phantom (D:6)
  Blork the orc (D:5)
  3 kobold brigands
  3 bullfrogs (D:8)
  3 scorpions
  Dowan (D:5)
  4 killer bees (D:9)
  A howler monkey (D:8)
  6 orc priests
  A jelly (D:7)
  6 hounds
  2 gnoll boudas
  2 sleepcaps
  An iguana (D:6)
  Natasha (thrice) (D:4)
  13 orc wizards
  11 adders
  8 gnolls
  2 shadow imps
  A white imp (D:8)
  An ufetubus (D:4)
  4 worms
  3 dart slugs
  37 orcs
  11 ball pythons
  7 bats
  12 endoplasms
  3 giant cockroaches
  8 goblins
  3 hobgoblins (D:1)
  6 jackals
  32 kobolds
  3 quokkas
  10 frilled lizards
  7 rats
250 creatures vanquished.

Vanquished Creatures (others)
  An orc warrior (Bailey)
  An orc priest (Temple)
  2 orc wizards
  10 fungi (D:8)
  10 plants
24 creatures vanquished.

Grand Total: 274 creatures vanquished

Notes
Turn   | Place    | Note
-------+----------+-------------------------------------------
     0 | D:1      | Borgoz the Gargoyle Fighter began the quest for the Orb.
     0 | D:1      | Reached XP level 1. HP: 14/14 MP: 1/1
   104 | D:1      | Reached XP level 2. HP: 9/19 MP: 2/2
   307 | D:1      | Reached XP level 3. HP: 23/23 MP: 3/3
   423 | D:1      | You fall into a shaft and drop 1 floor!
   898 | D:2      | Reached skill level 3 in Maces & Flails
   899 | D:2      | Reached XP level 4. HP: 11/29 MP: 4/4
  1640 | D:3      | HP: 1/29 [orc/+0 hand axe (2)]
  1642 | D:3      | Reached XP level 5. HP: 1/33 MP: 5/5
  1755 | D:3      | Found a glowing drain.
  1764 | Sewer    | Entered a sewer
  1828 | Sewer    | Noticed Pargi
  1848 | Sewer    | Killed Pargi
  1849 | Sewer    | Reached skill level 4 in Maces & Flails
  1849 | Sewer    | Reached XP level 6. HP: 30/39 MP: 6/6
  2612 | D:4      | Noticed Natasha
  2745 | D:4      | Killed Natasha
  2773 | D:4      | Noticed Natasha
  2795 | D:4      | Killed Natasha
  2802 | D:4      | Noticed Natasha
  2807 | D:4      | Killed Natasha
  2859 | D:4      | Noticed Eustachio
  2875 | D:4      | Reached XP level 7. HP: 36/44 MP: 7/7
  2901 | D:4      | Killed Eustachio
  2902 | D:4      | Reached skill level 5 in Fighting
  2902 | D:4      | Reached skill level 5 in Maces & Flails
  2902 | D:4      | Reached skill level 5 in Armour
  3134 | D:4      | Identified the +2 robe "Luyf" {rCorr Dex+6}
  3562 | D:5      | Entered Level 5 of the Dungeon
  3565 | D:5      | Noticed Dowan
  3570 | D:5      | Reached skill level 5 in Shields
  3597 | D:5      | Noticed Duvessa
  3619 | D:5      | Killed Duvessa
  3626 | D:5      | Killed Dowan
  3672 | D:5      | Learned a level 3 spell: Confusing Touch
  3702 | D:5      | Reached XP level 8. HP: 47/49 MP: 8/8
  3832 | D:5      | Reached skill level 6 in Maces & Flails
  3850 | D:5      | Reached skill level 1 in Hexes
  3888 | D:5      | Noticed Blork the orc
  3900 | D:5      | Killed Blork the orc
  3901 | D:5      | Reached skill level 1 in Spellcasting
  3966 | D:5      | Found Ived's Assorted Antiques.
  4203 | D:6      | Found Dosah's General Store.
  4307 | D:6      | Found Poudafo's Distillery.
  4337 | D:6      | Identified the +8 scale mail of Lunew {Fly rPois}
  4383 | D:6      | Found Orupe's Armour Shoppe.
  4413 | D:6      | Found Goss's Distillery.
  4467 | D:6      | Found a staircase to the Ecumenical Temple.
  4475 | Temple   | Entered the Ecumenical Temple
  5331 | D:7      | Noticed a manticore
  5339 | D:7      | Reached XP level 9. HP: 14/55 MP: 12/12
  5362 | D:7      | Killed a manticore
  5363 | D:7      | Reached skill level 7 in Maces & Flails
  5561 | D:7      | Got the Cyclopedia of Blows
  5691 | D:7      | Found a flagged portal.
  5700 | Bailey   | Entered a bailey
  5929 | Bailey   | Reached skill level 8 in Maces & Flails
  6549 | D:8      | Reached XP level 10. HP: 63/63 MP: 15/15
  6693 | D:8      | Found a staircase to the Lair.
  7495 | D:9      | Found a transporter.
  7637 | D:9      | Found a transporter.
  7764 | D:9      | Reached skill level 9 in Maces & Flails
  8148 | D:9      | Noticed Erica
  8168 | D:9      | Killed Erica
  8169 | D:9      | Reached skill level 1 in Stealth
  8301 | D:10     | Entered Level 10 of the Dungeon
  8337 | D:10     | HP: 1/64 [acid dragon (9)]
  8338 | D:10     | Killed from afar by an acid dragon

Illustrated notes

Levels and vault maps discovered:
D:1:      psy_arrival_wood_between_worlds, layout_basic, roderic_roman_lattice,
          minmay_misc_feat_rows
D:2:      cheibrodos_helix_gallery, layout_basic
D:3:      layout_basic, portal_sewer_entry_d, moated_statue
D:4:      layout_loops_ring, uniq_natasha, uniq_eustachio
D:5:      layout_cave_pools, serial_column_ruins, column_ruins_columns_straight,
          column_ruins_columns_corner, column_ruins_open_small,
          column_ruins_grid_1, nicolae_take_the_stairs, uniq_duvessa,
          uniq_blork_the_orc
D:6:      layout_basic, minmay_temple_entry_gardened_gates, serial_shops, shop,
          nicolae_shop_advertising_works [nicolae_subvault_shop_adworks],
          nicolae_shop_stone, nicolae_stop_n_shop_2
D:7:      layout_basic, enter_bailey_8, serial_rivers,
          chequers_serial_rivers_micro_e, chequers_serial_rivers_micro_b,
          chequers_serial_rivers_marsh, chequers_serial_rivers_large_b,
          serial_bayou_pond_a, bh_walls_and_bars
D:8:      layout_cave_pods, grunt_lair_entry_orc_guard_hut, st_stairs_1,
          grunt_decor_resistance
D:9:      gammafunk_cloud_chamber, layout_irregular_city, serial_column_ruins,
          column_ruins_open_medium, column_ruins_corridor_corner,
          column_ruins_open_tiny, column_ruins_open_small,
          column_ruins_open_tiny, column_ruins_columns_straight,
          column_ruins_grid_2, chequers_serial_rivers_micro_b,
          kennysheep_generic_room_9, uniq_erica
D:10:     layout_basic, mainiacjoe_overflow_24_doors, nzn_hepliaklqana_mist_gate
Temple:   nicolae_temple_bog_church

Skill      XL: |  1  2  3  4  5  6  7  8  9 10 |
---------------+-------------------------------+-----
Maces & Flails | 3 4 5 6 8 9 |  9.3
Fighting       | 4 5 6 7 |  7.8
Shields        | 4 5 6 7 |  7.8
Armour         | 4 5 6 7 |  7.8
Hexes          | 2 3 4 |  4.4
Spellcasting   | 2 3 4 |  4.5
Stealth        | 1 |  1.0
Throwing       | |  0.6
Dodging        | |  0.5
Evocations     | |  0.6

Action                     |  1- 3 |  4- 6 |  7- 9 | 10-12 || total
---------------------------+-------+-------+-------+-------++-------
  Melee: Flail             |   107 |   213 |   446 |   366 ||  1132
  Throw: Dart              |       |       |     1 |     1 ||     2
  Evoke: Wand              |       |       |     2 |     1 ||     3
    Use: Scroll            |     1 |     3 |     8 |     7 ||    19
         Potion            |       |     3 |     4 |     1 ||     8
   Stab: Sleeping          |       |     1 |     2 |       ||     3
         Invisible         |       |       |    10 |     5 ||    15
 Armour: Scale mail        |    68 |    85 |       |       ||   153
         Troll leather arm |       |    64 |   284 |   369 ||   717
  Dodge: Dodged            |    63 |   152 |   238 |   198 ||   651
  Block: Buckler           |    28 |    90 |   150 |   161 ||   429
